 Dungeon Sprint DCSS version 0.17.0-27-g4a3f43e (webtiles) character file.

1500000 oplop the Slayer (level 16, -16/175 (176) HPs)
             Began as a Ghoul Gladiator on Nov 21, 2015.
             Was a Follower of Makhleb.
             Demolished by a meat berserker
             ... wielding a +9 battleaxe
              (66 damage)
             ... in the Dungeon (Sprint VIII: "Arena of Blood").
             The game lasted 00:01:01 (15 turns).

oplop the Slayer (Ghoul Gladiator)                    Turns: 15, Time: 00:01:01

HP:   -16/175 (176) AC:  7    Str: 24    XL:     16   Next: 43%
MP:   15/15         EV: 22    Int:  3    God:    Makhleb [*.....]
Gold: 0             SH:  0    Dex: 11    Spells: 0 memorised, 15 levels left

rFire  . . .     SeeInvis .     l - +∞ Axe of Woe
rCold  + . .     Clarity  .     b - +0 leather armour
rNeg   + + +     SustAt   .     (shield currently unavailable)
rPois  ∞         Gourm    .     c - +0 helmet
rElec  .         Spirit   .     (no cloak)
rCorr  .         Warding  .     (no gloves)
rMut   .         NoTele   +     (no boots)
MR     +....                    (no amulet)
Stlth  +.........               (no ring)
                                (no ring)

@: rotting, somewhat resistant to hostile enchantments, very unstealthy
A: rotting body, claws 1, carnivore 3, cold resistance 1, negative energy
resistance 3, slow regeneration 1, torment resistance, unbreathing
a: Renounce Religion


You were in the Dungeon.
You worshipped Makhleb.
Makhleb was aware of your devotion.
You were not hungry.

You visited 1 branch

Inventory:

Hand Weapons
 a - a +0 trident
 l - the +∞ Axe of Woe (weapon)
   (You found it in the Dungeon)
Missiles
 d - 3 throwing nets (quivered)
Armour
 b - a +0 leather armour (worn)
 c - a +0 helmet (worn)
Scrolls
 k - a scroll of blinking
Potions
 f - a potion of curing
 g - a potion of heal wounds
 h - a potion of haste
 i - 2 potions of magic
 j - a potion of berserk rage
Comestibles
 e - a meat ration


   Skills:
 + Level 24.4 Fighting
 + Level 21.2 Axes
 - Level 2.6(14.7) Polearms
 - Level 1.7 Throwing
 + Level 21.2 Armour
 + Level 21.3 Dodging


You had 15 spell levels left.
You didn't know any spells.

Dungeon Overview and Level Annotations

Branches:
Dungeon (1/1)

Altars:
Makhleb


Innate Abilities, Weirdness & Mutations

Your body is rotting away.
You thrive on raw meat.
You are immune to poison.
You have sharp fingernails.
You are carnivorous and can eat meat at any time.
Your flesh is cold resistant.
You are immune to negative energy.
You regenerate slowly when monsters are visible.
You are immune to unholy pain and torment.
You can survive without breathing.


Message History

Your Armour skill gained 2 levels and is now at level 20!
Your Dodging skill increases to level 20!
You have reached level 16!
You hear a shout! x6
The bag of meat moves out of view.
You hear a shout! x2
A bag of meat comes into view. It is wielding a +9 war axe.
Unknown command.
Unknown command.
The bag of meat shouts!
You slash the bag of meat! You chop the bag of meat into pieces.
You kill the bag of meat!
Makhleb accepts your kill.
Your Fighting skill increases to level 24!
Your Axes skill increases to level 21!
Your Armour skill increases to level 21!
Your Dodging skill increases to level 21!
You hear a shout! x10
The meat berserker hits you with a +9 battleaxe!!!
You die...

............
...........
...o.......
..........
#.......#
#......)# ...
o###.......###....
o.....###.........
.....OO@o)o.......
....#.....#.......
. #_.<._#.......
#.....#..Oo..#
....._..........
.....o###.........
.###.. ...###....
#.. ...# #. ..#


You could see 2 meat berserkers and 5 bags of meat.

Vanquished Creatures
  2 ogres (D)
  4 orcs (D)
6 creatures vanquished.

Notes
Turn   | Place    | Note
--------------------------------------------------------------
     0 | D        | oplop the Ghoul Gladiator began the quest for the Orb.
     0 | D        | Reached XP level 1. HP: 17/17 MP: 0/0
     4 | D        | Noticed a bag of meat
     6 | D        | Noticed a bag of meat
     6 | D        | Killed a bag of meat
     6 | D        | Reached skill level 15 in Fighting
     6 | D        | Reached XP level 2. HP: 20/49 MP: 1/1
     6 | D        | Reached XP level 3. HP: 22/56 MP: 2/2
     6 | D        | Reached XP level 4. HP: 24/63 MP: 3/3
     6 | D        | Reached XP level 5. HP: 26/70 MP: 4/4
     6 | D        | Reached XP level 6. HP: 28/78 MP: 5/5
     6 | D        | Reached XP level 7. HP: 30/84 MP: 6/6
     6 | D        | Reached XP level 8. HP: 32/92 MP: 7/7
     6 | D        | Reached XP level 9. HP: 34/100 MP: 8/8
     6 | D        | Reached XP level 10. HP: 36/107 MP: 9/9
     6 | D        | Reached XP level 11. HP: 38/114 MP: 10/10
     6 | D        | Reached XP level 12. HP: 40/122 MP: 11/11
     7 | D        | Noticed a bag of meat
     7 | D        | Noticed a bag of meat
     7 | D        | Noticed a bag of meat
     7 | D        | Killed a bag of meat
     7 | D        | Reached skill level 18 in Fighting
     7 | D        | Reached skill level 15 in Axes
     7 | D        | Reached skill level 15 in Armour
     7 | D        | Reached skill level 15 in Dodging
     7 | D        | Reached XP level 13. HP: 42/134 MP: 12/12
     8 | D        | Noticed a bag of meat
     8 | D        | Noticed a bag of meat
     8 | D        | Noticed a meat berserker
     9 | D        | Noticed a meat berserker
     9 | D        | Noticed a bag of meat
     9 | D        | Killed a meat berserker
     9 | D        | Reached skill level 20 in Fighting
     9 | D        | Reached XP level 14. HP: 44/148 MP: 13/13
    12 | D        | Noticed a meat berserker
    12 | D        | Became a worshipper of Makhleb the Destroyer
    13 | D        | Noticed a meat berserker
    13 | D        | Killed a bag of meat
    13 | D        | Reached skill level 21 in Fighting
    13 | D        | Reached XP level 15. HP: 47/159 MP: 14/14
    14 | D        | Noticed a bag of meat
    14 | D        | Noticed a bag of meat
    14 | D        | Killed a meat berserker
    14 | D        | Reached * piety under Makhleb
    14 | D        | Reached skill level 23 in Fighting
    14 | D        | Reached XP level 16. HP: 49/171 MP: 15/15
    15 | D        | Noticed a bag of meat
    15 | D        | Killed a bag of meat
    15 | D        | Reached skill level 24 in Fighting
    15 | D        | Demolished by a meat berserker

Action                   |  1- 3 |  4- 6 |  7- 9 | 10-12 | 13-15 | 16-18 || total
-------------------------+-------+-------+-------+-------+-------+-------++-------
Melee: Executioner's axe |     1 |       |       |     1 |     3 |     1 ||     6
